Map: Submarine LE

Players

CHADMARINE

  • Race: Terran Terran
  • League: Master
  • Spawn Location: 5:00

A.I. 1 (Very Easy) - Winner!

  • Race: Zerg Zerg
  • Spawn Location: 11:00

VOD

Have the link to the VOD?

Description

Time

  • Played on: Nov. 9, 2020, 4:35 p.m.
  • Length: 7:52
Show
View Real Time Build Order
Export as new Build Order

CHADMARINE Terran 

Build Orders: Reaper Expand 

Get SALT Encoding   

  12  0:00  SCV  
  13  0:12  SCV  
  14  0:17  Supply Depot  
  14  0:24  SCV  
  15  0:40  SCV  
  15  0:42  Barracks  
  16  0:45  Refinery  
  16  0:52  SCV  
  18  1:04  SCV  
  18  1:16  SCV  
  19  1:29  Reaper  
  19  1:30  Orbital Command  
  20  1:40  Command Center  
  20  1:55  Supply Depot  
  20  1:56  SCV  
  20  2:00  Barracks  
  21  2:08  Barracks Reactor  
  21  2:10  SCV  
  22  2:23  SCV  
  22  2:24  Factory  
  23  2:35  SCV  
  24  2:37  Refinery  
  24  2:44  Marine  
  24  2:45  Marine  
  24  2:47  Barracks Tech Lab, SCV  
  27  2:52  Orbital Command  
  27  2:59  SCV  
  27  3:03  Marine  
  27  3:04  Marine  
  30  3:08  Marine, Stimpack  
  30  3:11  SCV  
  32  3:21  SCV  
  32  3:23  Marine x2, SCV  
  32  3:27  Starport  
  36  3:29  Marine  
  37  3:36  Factory Reactor  
  37  3:37  SCV x2  
  39  3:42  Marine x2  
  39  3:47  Marine  
  42  3:49  SCV x2  
  44  4:01  SCV x2  
  46  4:03  Supply Depot  
  46  4:05  Supply Depot  
  46  4:24  Marine x2, Medivac x2  
  46  4:25  Widow Mine  
  46  4:27  Marine, SCV x2, Refinery  
  46  4:29  Refinery  
  46  4:30  Supply Depot  
  57  4:33  Supply Depot  
  57  4:35  Supply Depot  
  57  4:39  SCV x2  
  57  4:42  Marine x2  
  57  4:44  Marine  
  62  4:51  SCV x2  
  64  5:03  Marine x2  
  68  5:10  Starport  
  66  5:15  Hellion, Supply Depot  
  66  5:16  Hellion  
  66  5:17  Starport Tech Lab  
  66  5:19  SCV x2  
  72  5:22  Marine x2  
  72  5:24  Marine  
  75  5:34  SCV x2  
  77  5:39  Supply Depot  
  77  5:41  Fusion Core  
  77  5:47  Command Center  
  77  5:49  SCV  
  79  5:50  SCV  
  79  5:52  Marine x2, Factory Tech Lab  
  81  5:59  Marine x2  
  83  6:05  SCV x2  
  85  6:12  Marine x2  
  85  6:14  Siege Tank  
  90  6:18  Supply Depot x2  
  90  6:24  Marine x2  
  92  6:28  Battlecruiser  
  98  6:34  Battlecruiser  
  98  6:35  Marine, Supply Depot  
  98  6:36  Marine, Supply Depot  
  106  6:43  Supply Depot, SCV x2  
  106  6:46  Marine, Supply Depot  
  109  6:47  Marine  
  109  6:53  Siege Tank  
  113  6:55  Marine x2  
  113  6:57  SCV  
  113  7:00  SCV  
  117  7:04  Orbital Command  
  117  7:07  Marine x2  
  119  7:11  Supply Depot  
  119  7:15  Supply Depot  
  119  7:17  SCV x2  
  119  7:18  Marine  
  119  7:20  Marine  
  123  7:26  Marine x2  
Show
View Real Time Build Order
Export as new Build Order

A.I. 1 (Very Easy) Zerg - Winner!

Build Orders: Hatch First 

Get SALT Encoding   

  12  0:01  Drone  
  13  0:12  Overlord  
  13  0:16  Drone  
  14  0:41  Hatchery  
  13  0:45  Drone  
  14  1:03  Spawning Pool  
  13  1:05  Drone  
  13  1:09  Extractor  
  13  1:12  Drone  
  14  1:20  Overlord  
  14  1:49  Queen, Zergling x2  
  14  1:51  Zergling x2  
  18  1:57  Roach Warren  
  18  2:01  Drone  
  18  2:07  Extractor  
  17  2:10  Drone  
  17  2:15  Zergling x2  
  19  2:20  Drone  
  20  2:27  Drone  
  21  2:35  Drone  
  22  2:42  Drone  
  23  2:49  Drone  
  24  2:56  Drone  
  25  3:03  Drone  
  25  3:04  Roach  
  28  3:10  Overlord  
  28  3:15  Drone  
  28  3:23  Drone  
  29  3:30  Drone  
  30  3:38  Drone  
  31  3:45  Drone  
  31  3:46  Overlord  
  32  3:52  Drone  
  32  3:53  Roach  
  32  3:55  Lair  
  35  3:59  Drone  
  36  4:06  Drone  
  37  4:14  Drone  
  38  4:21  Drone  
  39  4:28  Drone  
  40  4:35  Drone  
  40  4:36  Overlord  
  41  4:41  Roach  
  41  4:42  Drone  
  44  4:49  Drone  
  44  4:52  Overseer  
  45  4:54  Overseer  
  45  4:56  Drone  
  46  5:04  Drone, Extractor  
  46  5:11  Drone, Extractor  
  46  5:18  Drone  
  47  5:25  Drone  
  48  5:30  Roach  
  48  5:32  Drone  
  51  5:39  Drone  
  52  6:16  Overlord, Overseer  
Tags
 
Add a new tag
Caveats
  • Supply blocks, unpowered buildings, or Contaminate may cause inaccurate times.
  • Supply counts are checked every 10 seconds.